Map: Invader LE

Players

KIMCHI

  • Race: Terran Terran
  • Spawn Location: 7:00

Fropez - Winner!

  • Race: Protoss Protoss
  • League: Silver
  • Spawn Location: 5:00

VOD

Have the link to the VOD?

Description

Time

  • Played on: June 24, 2016, 11:37 a.m.
  • Length: 13:18
Show
View Real Time Build Order
Export as new Build Order

KIMCHI Terran 

Build Orders: Liberator Opening 

Get SALT Encoding   

  12  0:02  SCV  
  13  0:14  SCV  
  14  0:22  Supply Depot  
  14  0:26  SCV  
  15  0:33  Supply Depot  
  15  0:44  SCV  
  15  0:47  Supply Depot  
  16  0:56  SCV  
  17  1:04  Barracks  
  17  1:08  SCV  
  18  1:13  Refinery  
  18  1:20  SCV  
  18  1:23  Refinery  
  20  1:32  SCV  
  20  1:44  SCV  
  21  1:55  Marine  
  21  1:57  SCV  
  21  1:58  Barracks  
  23  2:08  Factory  
  23  2:09  SCV  
  23  2:13  Marine  
  25  2:21  SCV  
  26  2:31  Marine  
  26  2:33  SCV  
  28  2:44  Marine  
  29  2:52  Starport  
  29  2:56  Starport  
  29  2:57  Hellion  
  29  2:58  Marine  
  32  3:02  Marine  
  33  3:07  Supply Depot  
  33  3:11  Supply Depot  
  33  3:13  Liberator  
  33  3:16  Marine  
  34  3:20  Marine  
  34  3:23  Hellion, Liberator  
  43  3:46  Supply Depot  
  43  3:55  Orbital Command  
  43  3:56  Liberator  
  43  4:14  Liberator  
  49  4:40  Command Center  
  49  4:44  Liberator  
  52  5:10  Liberator  
  55  5:29  Marine x2  
  55  5:31  Hellion  
  59  5:41  Liberator  
  59  5:54  Marine  
  59  5:55  Marine  
  59  5:56  Hellion  
  63  6:32  Liberator  
  63  6:33  Liberator  
  60  6:51  Marine  
  60  6:52  Marine  
  68  6:54  Hellion  
  70  7:11  Orbital Command  
  70  7:17  SCV  
  70  7:18  Refinery  
  70  7:20  Refinery  
  70  7:21  Hellion  
  70  7:22  Liberator  
  73  7:28  Marine x2  
  72  7:42  Hellion  
  77  7:44  Liberator  
  77  7:45  Marine  
  78  7:53  Marine, SCV  
  80  8:03  Marine  
  80  8:04  Hellion  
  86  8:11  Marine  
  87  8:25  Hellion  
  89  8:40  Liberator x2  
  83  8:53  Hellion  
  79  9:00  SCV  
  83  9:11  Marine x2  
  83  9:14  Hellion  
  87  9:29  Marine x2, Command Center  
  91  9:45  Hellion  
  91  9:46  Marine x2  
  91  9:47  Starport Reactor  
  93  9:57  Starport Reactor  
  92  10:04  Marine  
  90  10:18  Marine  
  90  10:20  Hellion  
  93  10:22  Marine  
  94  10:35  Marine  
  94  10:37  Liberator x3  
  94  10:38  Liberator  
  94  10:40  Marine  
  94  10:41  Hellion  
  92  10:49  Orbital Command  
  90  10:53  Marine  
  103  10:58  Marine  
  104  11:11  Marine  
  104  11:15  Marine  
  106  11:21  Liberator  
  106  11:23  SCV  
  106  11:24  SCV  
  108  11:26  SCV  
  108  11:29  Marine  
  110  11:34  Marine, Hellion, Liberator x2  
  116  11:40  Liberator  
  116  11:44  Supply Depot  
  116  11:47  Marine  
  116  11:52  Marine, SCV  
  123  12:07  Supply Depot  
  118  12:10  Liberator  
  108  12:17  Liberator x2  
  104  12:32  SCV  
  104  12:36  Supply Depot  
  111  12:38  SCV  
  111  12:41  SCV  
  117  12:44  SCV  
  117  12:47  Marine x2  
  119  12:56  SCV  
Show
View Real Time Build Order
Export as new Build Order

Fropez Protoss - Winner!

Build Orders: Blink Stalkers 

Get SALT Encoding   

  12  0:13  Probe (Chrono Boost)  
  13  0:15  Pylon  
  13  0:24  Probe (Chrono Boost)  
  14  0:40  Gateway  
  14  0:42  Probe (Chrono Boost)  
  15  0:50  Assimilator  
  15  0:53  Probe (Chrono Boost)  
  16  1:03  Probe (Chrono Boost)  
  17  1:27  Gateway  
  17  1:30  Cybernetics Core  
  17  1:36  Pylon  
  17  1:39  Probe (Chrono Boost)  
  18  1:50  Probe (Chrono Boost)  
  19  2:00  Probe (Chrono Boost)  
  20  2:01  Pylon  
  20  2:05  Assimilator  
  20  2:06  Warp Gate (Chrono Boost)  
  20  2:15  Adept x2  
  24  2:42  Probe  
  24  2:54  Twilight Council, Probe  
  25  3:06  Probe  
  25  3:09  Nexus  
  26  3:18  Probe  
  27  3:30  Probe  
  28  3:36  Blink (Chrono Boost)  
  28  3:37  Pylon  
  28  3:42  Probe  
  28  3:47  Adept  
  31  3:50  Adept  
  33  3:58  Pylon  
  33  4:19  Stargate  
  33  4:22  Probe  
  34  4:26  Probe  
  34  4:27  Gateway  
  35  4:36  Probe  
  36  4:42  Adept x2  
  36  4:44  Probe  
  41  4:51  Probe  
  42  4:59  Probe  
  42  5:02  Pylon  
  42  5:03  Phoenix  
  45  5:10  Mothership Core  
  47  5:14  Probe  
  47  5:15  Pylon  
  48  5:26  Probe  
  49  5:28  Phoenix (Chrono Boost)  
  51  5:42  Probe  
  50  5:51  Stalker x2  
  53  5:58  Probe  
  53  5:59  Probe  
  57  6:04  Phoenix (Chrono Boost)  
  57  6:21  Pylon  
  57  6:22  Pylon  
  57  6:24  Pylon  
  57  6:25  Pylon  
  56  6:45  Phoenix (Chrono Boost)  
  58  6:48  Stalker x2  
  62  6:55  Gateway  
  62  6:58  Gateway  
  62  7:00  Gateway  
  62  7:01  Gateway  
  62  7:03  Pylon  
  62  7:06  Pylon  
  62  7:07  Phoenix (Chrono Boost)  
  64  7:10  Protoss Air Weapons Level 1 (Chrono Boost)  
  64  7:11  Probe  
  63  7:39  Stalker  
  63  7:40  Stalker  
  67  7:48  Probe x2  
  69  7:56  Phoenix (Chrono Boost)  
  71  8:01  Probe  
  71  8:02  Nexus, Probe  
  66  8:22  Stalker x4  
  66  8:23  Stalker  
  66  8:45  Stalker  
  66  9:08  Probe  
  67  9:13  Phoenix  
  65  9:33  Stalker x2  
  68  10:22  Stalker x3  
  68  10:23  Stalker x2  
  78  10:49  Probe  
  78  10:50  Probe x2  
  81  10:59  Probe  
  81  11:00  Pylon  
  81  11:02  Probe x2  
  81  11:04  Stalker x3  
  88  11:10  Probe  
  90  11:14  Probe x2  
  90  11:15  Assimilator  
  90  11:18  Assimilator  
  93  11:20  Probe  
  93  11:22  Pylon  
  94  11:26  Probe  
  94  11:27  Pylon  
  94  11:31  Probe  
  96  11:32  Forge  
  96  11:36  Stalker  
  96  11:37  Stalker  
  100  11:41  Zealot x4  
  106  12:25  Stalker x2  
  106  12:28  Stalker  
  106  12:29  Zealot x4  
  92  13:14  Stalker  
  92  13:15  Stalker x2  
Tags
 
Composition
Blink Stalkers
League
Silver
Matchup
PvT
Replay Pack
All Mines
Spawn Locations
Close Positions
Add a new tag
Caveats
  • Supply blocks, unpowered buildings, or Contaminate may cause inaccurate times.
  • Supply counts are checked every 10 seconds.